 Dungeon Crawl Stone Soup version 0.25-a0-419-g7650d0de75 (webtiles) character file.

Game seed: 342738744997803102, levelgen mode: deterministic

93 Ajdolov the Twirler (level 4, -6/40 HPs)
             Began as a Gargoyle Gladiator on Jan 17, 2020.
             Mangled by Sigmund
             ... wielding a +2 scythe of flaming
              (11 damage)
             ... on level 2 of the Dungeon.
             The game lasted 00:03:26 (1117 turns).

Ajdolov the Twirler (Gargoyle Gladiator)            Turns: 1117, Time: 00:03:27

Health: -6/40      AC:  7    Str: 24    XL:     4   Next: 61%
Magic:  4/4        EV: 12    Int:  8    God:
Gold:   99         SH:  5    Dex: 11    Spells: 3/3 levels left

rFire    . . .     SeeInvis .   a - +0 quarterstaff
rCold    . . .     Gourm    .   (shield currently unavailable)
rNeg     + . .     Faith    .   b - +0 leather armour
rPois    ∞         Spirit   .   c - +0 helmet
rElec    +         Reflect  +   (no cloak)
rCorr    .         Harm     .   (no gloves)
MR       .....                  (no boots)
Stlth    ..........             n - +5 amulet of reflection
HPRegen  0.13/turn              (no ring)
MPRegen  0.09/turn              (no ring)

@: mighty, berserking, very quick
A: negative energy resistance 1, electricity resistance, unbreathing,
petrification resistance, rot immunity, AC +3
a: no special abilities


You were on level 2 of the Dungeon.
You were not hungry.

You visited 1 branch of the dungeon, and saw 2 of its levels.

You collected 99 gold pieces.

Inventory:

Hand Weapons
 a - a +0 quarterstaff (weapon)
Missiles
 d - 2 throwing nets (quivered)
Armour
 b - a +0 leather armour (worn)
 c - a +0 helmet (worn)
Jewellery
 n - a +5 amulet of reflection (around neck)
Scrolls
 e - 3 scrolls of identify {unknown}
 h - 2 scrolls of teleportation {unknown}
 i - 2 scrolls of noise {unknown}
 j - 2 scrolls of remove curse {unknown}
 k - a scroll of fear {unknown}
 l - a scroll of enchant weapon {unknown}
 m - a scroll of enchant armour {unknown}
 p - a scroll of immolation {unknown}
Comestibles
 f - 6 rations
 g - 6 chunks of flesh


   Skills:
 + Level 2.6 Fighting
 * Level 5.0 Staves
 - Level 1.7 Throwing
 - Level 2.4 Dodging


You had 3 spell levels left.
You didn't know any spells.
Your spell library was empty.

Dungeon Overview and Level Annotations

Branches:
Dungeon (2/15)

Altars:
Fedhas
Uskayaw
Wu Jian

Annotations:
D:2 Sigmund


Innate Abilities, Weirdness & Mutations

You are resistant to torment.
Your stone body is resilient. (AC +3)
You are immune to poison.
You resist negative energy. (rN+)
You are resistant to electric shocks. (rElec)
You can survive without breathing.
You are immune to petrification.
You are immune to rotting.


Message History

You bump into the rock wall.
A puff of flame appears from out of thin air!
The puff of flame hits you but does no damage.
You bump into the rock wall.
You bump into the rock wall.
You bump into the rock wall.
You feel less confused. Something hits you. Something burns you.
Something hits you.
* * * LOW HITPOINT WARNING * * *
Something burns you.
* * * LOW HITPOINT WARNING * * *
Some of the chunks of flesh in your inventory have rotted away.
Okay, then.
It was a potion of might.
You feel very mighty all of a sudden.
It was a potion of berserk rage.
A red film seems to cover your vision as you go berserk!
You feel yourself moving faster!
You feel mighty! Something hits you!
You die...

....._...... #{K.....#..
#.......#.##############
.. #.....##.##...........#
..####K####.##...........#
#............'.)(........#
#.#.#....#.###...÷.......#
#.#.#.##.#.# #...........#
...)..####@# #...........#
#.#...{..# ####.########
#.##.####### #.#
#....÷.....# #.#
#####...##.# #.#
#####.#.##.####.#
......._..(..>#.#
#######.##.####.#
.............#


There were no monsters in sight!

Vanquished Creatures
  Terence (D:2)
  An ooze (D:1)
  3 worms (D:2)
  2 dart slugs (D:1)
  A leopard gecko (D:2)
  2 ball pythons
  2 giant cockroaches (D:1)
  8 hobgoblins
  A jackal (D:1)
  A quokka (D:2)
  7 bats
  2 frilled lizards
  4 goblins (D:1)
  6 kobolds
  8 rats
49 creatures vanquished.

Notes
Turn   | Place    | Note
-------+----------+-------------------------------------------
     0 | D:1      | Ajdolov the Gargoyle Gladiator began the quest for the Orb.
     0 | D:1      | Reached XP level 1. HP: 12/12 MP: 1/1
    32 | D:1      | Reached XP level 2. HP: 3/17 MP: 2/2
   479 | D:1      | Reached skill level 4 in Staves
   482 | D:1      | Reached XP level 3. HP: 22/22 MP: 3/3
   767 | D:2      | Noticed Terence
   792 | D:2      | Killed Terence
   792 | D:2      | Reached XP level 4. HP: 23/27 MP: 4/4
   991 | D:2      | Reached skill level 5 in Staves
  1015 | D:2      | Found a blossoming altar of Fedhas.
  1035 | D:2      | Found a hide-covered altar of Uskayaw.
  1090 | D:2      | Found an ornate altar of the Wu Jian Council.
  1091 | D:2      | Noticed Sigmund
  1117 | D:2      | Mangled by Sigmund

Levels and vault maps discovered:
D:1:      minmay_arrival_five_plusses, layout_rooms, minmay_nonomino_d4
D:2:      layout_basic, old_standard_altar, lemuel_crystal_altar,
          minmay_misc_feat_rows, roderic_serpentine_path, grunt_ministairs_9,
          fedhas_altar_1, uniq_terence, uniq_natasha, uniq_sigmund

Skill      XL: |  1  2  3  4 |
---------------+-------------+-----
Staves         | 4 5 |  5.0
Fighting       | |  2.6
Throwing       | |  1.7
Dodging        | |  2.4

Action                   |  1- 3 |  4- 6 || total
-------------------------+-------+-------++-------
Melee: Quarterstaff      |   102 |    44 ||   146
Throw: Throwing net      |     1 |       ||     1
  Use: Potion            |       |     2 ||     2
  Eat: Chunk             |       |     1 ||     1
Armor: Leather armour    |    42 |    12 ||    54
Dodge: Dodged            |    92 |    30 ||   122
Block: Other             |     6 |    11 ||    17

Table legend:
 A = Non-vault XP
 B = Vault XP
 C = Vault XP percentage of total XP
 D = Non-vault monster count
 E = Vault monster count
 F = Vault count percentage of total count
                 A         B        C        D         E       F
            +---------+---------+-------+---------+---------+-------
      Total |      85 |      48 |  36.1 |      43 |       6 |  12.2
            +---------+---------+-------+---------+---------+-------
        D:1 |      44 |      10 |  18.5 |      24 |       5 |  17.2
        D:2 |      41 |      38 |  48.1 |      19 |       1 |   5.0
            +---------+---------+-------+---------+---------+-------
